 Dungeon Crawl Stone Soup version 0.18-a0-23-g19353e1 (webtiles) character file.

329 ventricule the Changer (level 6, -1/38 HPs)
             Began as an Octopode Transmuter on Nov 2, 2015.
             Killed by nerve-wracking pain
             ... invoked by Grinder
              (11 damage)
             ... on level 3 of the Dungeon.
             The game lasted 00:10:01 (4294 turns).

ventricule the Changer (Octopode Transmuter)        Turns: 4294, Time: 00:10:01

Health: -1/38      AC:  1    Str:  9    XL:     6   Next: 50%
Magic:  9/9        EV: 13    Int: 15    God:
Gold:   176        SH:  0    Dex: 21    Spells: 3 memorised, 3 levels left

rFire  . . .     SeeInvis .       - Unarmed
rCold  . . .     Clarity  .     (no shield)
rNeg   . . .     SustAt   .     (helmet restricted)
rPois  .         Gourm    .     (no amulet)
rElec  .         Spirit   .     l - +6 ring of dexterity
rCorr  .         Warding  .     (no ring)
rMut   .         Stasis   .     (no ring)
MR     .....                    (no ring)
Stlth  +++.......               (no ring)
                                (no ring)
                                (no ring)
                                (no ring)

@: appendage, very slightly contaminated, hasted, very quick, not resistant to
hostile enchantments, fairly stealthy
A: almost no armour, amphibious, 8 rings, constrict 8, tentacle spike 3,
camouflage 1, gelatinous body 1
a: End Transformation


You were on level 3 of the Dungeon.
You were not hungry.
One of your tentacles had a temporary spike.
You visited 1 branch of the dungeon, and saw 3 of its levels.

You collected 176 gold pieces.


Innate Abilities, Weirdness & Mutations

You cannot wear most types of armour.
You are amphibious.
You can wear up to eight rings at the same time.
You can use your tentacles to constrict eight enemies at once.
Your skin changes colour to match your surroundings (Stealth).
Your rubbery body absorbs attacks (AC +1).
One of your tentacles bears a large vicious spike.


   Skills:
 - Level 1.0 Fighting
 - Level 2.0 Dodging
 + Level 4.0 Unarmed Combat
 - Level 2.0 Spellcasting
 + Level 5.3 Transmutations
 - Level 3.1 Poison Magic


You had 3 spell levels left.
You knew the following spells:

 Your Spells              Type           Power        Failure   Level  Hunger
x - Spider Form           Trmt/Pois      ##........   14%         3    ###....
z - Beastly Appendage     Trmt           ###...       2%          1    #......
Z - Sticks to Snakes      Trmt           ###.......   4%          2    ###....

Inventory:

Missiles
 a - 39 arrows
Jewellery
 l - a +6 ring of dexterity (left tentacle)
Scrolls
 d - 3 scrolls of amnesia
 k - a scroll of remove curse {unknown}
 n - a scroll of magic mapping {unknown}
 o - a scroll of identify {@r1}
Potions
 e - a potion of ambrosia {unknown}
 f - 2 potions of agility
 h - a potion of mutation {unknown}
 i - 2 potions of magic
 p - a potion of might {unknown}
Books
 b - a book of Changes
Comestibles
 c - 3 bread rations
 g - a meat ration
 q - a chunk of flesh

Dungeon Overview and Level Annotations

Branches:
Dungeon (3/15)

Altars:
Cheibriados

Annotations:
D:3 Grinder

.# #.#...#.#.# #.# #..# .#
#.##.##.#.###.######..# .#
#.##...........#......# .#####
#.#####.######.#.###.## .....#
#.# #.# #.#†# #.# .###.# #)# #.#
#.#.# #†# .# #.# #.# #.#
#.#.###.# .# #.# #.#
#.######.#.....# .# #<# #.#
#.x5...#.#.##### ## #.####.#
######.#.#.######## ## #......#
#.#......... .###..#####
#.#....####### .....†# #.##.#.#
.####.# #.##.#.# ## #.# #.##.#.#
#####.########### #.##.#.#######
..)...........).####.##..........


You could see Grinder.


Message History

Grinder gestures at you. You resist with significant effort.
Grinder drinks a potion.
Grinder suddenly seems more resistant.
Grinder hits you!
You writhe in agony.
Grinder gestures at you.
You barely resist. Grinder hits you!
* * * LOW HITPOINT WARNING * * *
You writhe in agony.
* * * LOW HITPOINT WARNING * * *
Grinder gestures at you.
You barely resist.
You can move again.
Drink which item? (? for menu, Esc to quit)
You feel better. Grinder hits you but does no damage.
Drink which item? (? for menu, Esc to quit)
You feel yourself speed up. Grinder hits you.
* * * LOW HITPOINT WARNING * * *
You are very lightly contaminated with residual magic.
You barely miss Grinder. You grab Grinder.
You pierce Grinder, but do no damage.
You squeeze Grinder.
Grinder is lightly wounded.
You constrict Grinder. You tentacle-slap Grinder.
Grinder is moderately wounded.
You constrict Grinder.
Grinder says, "FISH!"
Grinder gestures at you. Pain shoots through your body!
You die...

Action                   |  1- 3 |  4- 6 || total
-------------------------+-------+-------++-------
Melee: Unarmed           |    90 |   165 ||   255
 Cast: Beastly Appendage |     4 |     4 ||     8
       Spider Form       |     2 |     9 ||    11
  Use: Scroll            |       |     7 ||     7
       Potion            |       |     3 ||     3
 Stab: Sleeping          |    12 |     7 ||    19
       Distracted        |     1 |     2 ||     3
  Eat: Chunk             |     3 |     9 ||    12

Vault maps used:
D:1:      tarquinn_simple_flora_water_c, serial_forest,
          infiniplex_forest_lined_2, infiniplex_forest_clump_double,
          infiniplex_forest_clump_double, infiniplex_forest_end_double,
          infiniplex_forest_clump_diagonal, infiniplex_forest_straight_5,
          infiniplex_forest_corner_1, hangedman_decor_diamond_cutter
D:2:      serial_curves, eino_curves_03, eino_curves_04, kennysheep_flooded_box,
          minmay_misc_feat_secret_circle, roderic_ancient_swastika,
          grunt_ministairs_5, uniq_jessica
D:3:      first_bread, cheibriados_altar_1, uniq_natasha, uniq_iyjb, uniq_robin,
          uniq_grinder, uniq_terence

Notes
Turn   | Place    | Note
--------------------------------------------------------------
     0 | D:1      | ventricule the Octopode Transmuter began the quest for the Orb.
     0 | D:1      | Reached XP level 1. HP: 13/13 MP: 3/3
   129 | D:1      | Reached XP level 2. HP: 9/18 MP: 3/5
   591 | D:1      | Reached XP level 3. HP: 23/23 MP: 6/6
   597 | D:1      | Reached skill level 3 in Transmutations
   606 | D:1      | Learned a level 2 spell: Sticks to Snakes
   610 | D:1      | Learned a level 3 spell: Spider Form
  1523 | D:2      | Reached skill level 1 in Poison Magic
  1808 | D:2      | Noticed Jessica
  1817 | D:2      | Killed Jessica
  1817 | D:2      | Reached skill level 4 in Transmutations
  1817 | D:2      | Reached XP level 4. HP: 28/28 MP: 3/7
  2746 | D:3      | Noticed Robin
  2766 | D:3      | Reached skill level 2 in Poison Magic
  2767 | D:3      | Reached XP level 5. HP: 29/33 MP: 5/8
  2832 | D:3      | Killed Robin
  3129 | D:3      | Noticed Terence
  3157 | D:3      | Killed Terence
  3341 | D:3      | Reached skill level 3 in Poison Magic
  3674 | D:3      | Reached skill level 5 in Transmutations
  3674 | D:3      | Reached XP level 6. HP: 32/38 MP: 5/9
  3714 | D:3      | Found a snail-covered altar of Cheibriados.
  4041 | D:3      | Noticed Natasha
  4047 | D:3      | Killed Natasha
  4185 | D:3      | Noticed Ijyb
  4197 | D:3      | Killed Ijyb
  4197 | D:3      | Reached skill level 4 in Unarmed Combat
  4282 | D:3      | Noticed Grinder
  4284 | D:3      | Paralysed by Grinder for 7 turns
  4294 | D:3      | Killed from afar by Grinder

Vanquished Creatures
  A scorpion (D:3)
  Ijyb (D:3)
  Jessica (D:2)
  Terence (D:3)
  Natasha (D:3)
  Robin (D:3)
  2 adders
  3 gnolls (D:3)
  An ooze (D:1)
  4 worms
  4 giant geckos
  An orc (D:3)
  A ball python (D:3)
  8 bats
  5 giant cockroaches
  16 hobgoblins
  2 jackals (D:2)
  16 kobolds
  3 giant newts
  13 goblins
  2 quokkas
  13 rats
100 creatures vanquished.
